 Dungeon Crawl Stone Soup version 0.29.1-15-g9cfb28693d (webtiles) character file.

Game seed: 13906454567115190883

130 Ast3rio the Trooper (level 5, 0/57 HPs)
             Began as an Ogre Cinder Acolyte on Mar 9, 2023.
             Was a High Priest of Ignis.
             Slain by an orc wizard
             ... wielding a +0 dagger
              (2 damage)
             ... on level 3 of the Dungeon.
             The game lasted 00:05:56 (1691 turns).

Ast3rio the Trooper (Ogre Cinder Acolyte)           Turns: 1691, Time: 00:05:57

Health: 0/57       AC: 10    Str: 20    XL:     5   Next: 13%
Magic:  6/6        EV:  9    Int: 15    God:    Ignis [*****.]
Gold:   80         SH:  0    Dex:  4    Spells: 6/6 levels left

rFire   + . .      SeeInvis .   l - +2 short sword (protect)
rCold   . . .      Faith    .   (no shield)
rNeg    . . .      Spirit   .   b - +0 robe
rPois   .          Reflect  .   (helmet restricted)
rElec   .          Harm     .   p - scarf {repulsion}
rCorr   .          Rampage  .   (gloves unavailable)
Will    .....                   (boots unavailable)
Stlth   +.........              (no amulet)
HPRegen 0.19/turn               (no ring)
MPRegen 0.10/turn               (no ring)

@: under a protective aura, repel missiles
A: large, unfitting armour, tough skin 1
a: Renounce Religion, Fiery Armour, Foxfire Swarm, Rising Flame


You were on level 3 of the Dungeon.
You worshipped Ignis.
Ignis was extremely pleased with you.
You visited 1 branch of the dungeon, and saw 3 of its levels.

You collected 80 gold pieces.

Inventory:

Hand Weapons
 a - a -1 hand axe of flaming
 j - a +0 dagger of pain
 l - a +2 short sword of protection (weapon)
Armour
 b - a +0 robe (worn)
 c - a +2 cloak
 p - a scarf of repulsion (worn)
Magical Staves
 m - a staff of death
Scrolls
 e - a scroll of fear {unknown}
 g - a scroll of vulnerability {unknown}
 h - a scroll of amnesia {unknown}
 i - 3 scrolls of enchant weapon {unknown}
 q - a scroll of noise {unknown}
Potions
 d - a potion of flight {unknown}
 f - 2 potions of might {unknown}
 k - a potion of resistance {unknown}
 n - 2 potions of haste {unknown}
 o - a potion of lignification {unknown}
 r - 2 potions of brilliance {unknown}
 s - a potion of curing {unknown}


   Skills:
 + Level 5.1 Fighting
 + Level 0.2 Short Blades
 + Level 4.2 Axes
 + Level 1.1 Dodging
 + Level 1.2 Spellcasting
 + Level 3.3 Fire Magic


You had 6 spell levels left.
You didn't know any spells.
Your spell library contained the following spells:

 Spells                   Type           Power      Damage    Failure   Level
 Scorch                   Fire           20%        2d6       10%         2


Dungeon Overview and Level Annotations

Branches:
Dungeon (3/15)

Altars:

Annotations:
D:3 Natasha


Innate Abilities, Weirdness & Mutations

You are too large for most types of armour.
You have tough skin. (AC +1)


Message History

You hit the orc but do no damage. Something hits you but does no damage.
The orc hits you with a +0 club.
* * * LOW HITPOINT WARNING * * *
The orc hits you but does no damage.
You see here a worm corpse.
You miss something. Something hits you.
* * * LOW HITPOINT WARNING * * *
The orc hits you with a +0 club.
* * * LOW HITPOINT WARNING * * *
The orc closely misses you.
You closely miss something. Something hits you.
* * * LOW HITPOINT WARNING * * *
The orc hits you but does no damage. x2
You barely miss something.
You hear some strange, mumbled words.
A puff of flame appears from out of thin air!
The puff of flame hits you. You resist.
* * * LOW HITPOINT WARNING * * *
The orc misses you. The orc hits you but does no damage.
You hit something.
Your weapon exudes an aura of protection.
You hear some strange, mumbled words.
Something tries to affect you, but you resist.
The orc hits you with a +0 club.
* * * LOW HITPOINT WARNING * * *
The orc hits you but does no damage.
Natasha growls.
You barely miss something.
You hear some strange, mumbled words.
A magic dart appears from out of thin air!
The magic dart hits you.
* * * LOW HITPOINT WARNING * * *
The orc hits you but does no damage. The orc barely misses you.
Something hits you but does no damage. The orc hits you with a +0 dagger.
* * * LOW HITPOINT WARNING * * *
The orc barely misses you.
You barely miss something.
Natasha hisses.
Something hits you.
You die...

### ...# # ...#
######## .. ...####
#......##...
...#..####..........
...#............##
...#..........).##
#........##+#..o.#
....###### ####@#
...## #{oh# #..#
###o... ..## ......
.## ..... # ..... #
.... ....


You could see Natasha and 3 orcs.

Vanquished Creatures
  A hound (D:3)
  Robin (D:2)
  An adder (D:2)
  4 worms
  A dart slug (D:1)
  5 bats
  6 endoplasms
  3 giant cockroaches
  13 goblins
  4 hobgoblins
  3 jackals (D:2)
  2 quokkas (D:2)
  3 ball pythons
  4 frilled lizards
  5 kobolds
  5 rats
61 creatures vanquished.

Vanquished Creatures (others)
  14 foxfires (D:2)
14 creatures vanquished.

Grand Total: 75 creatures vanquished

Notes
Turn   | Place    | Note
-------+----------+-------------------------------------------
     0 | D:1      | Ast3rio the Ogre Cinder Acolyte began the quest for the
                  | Orb.
     0 | D:1      | Reached XP level 1. HP: 24/24 MP: 2/2
   260 | D:1      | Reached XP level 2. HP: 32/32 MP: 3/3
   547 | D:1      | Reached XP level 3. HP: 40/40 MP: 4/4
   565 | D:1      | Found a faded altar of an unknown god.
   658 | D:2      | Noticed Robin
   662 | D:2      | Killed Robin
   825 | D:2      | Reached XP level 4. HP: 39/49 MP: 5/5
  1021 | D:2      | Reached skill level 5 in Fighting
  1465 | D:3      | Reached skill level 1 in Dodging
  1465 | D:3      | Reached XP level 5. HP: 27/57 MP: 6/6
  1657 | D:3      | Noticed Natasha
  1690 | D:3      | HP: 2/57 [orc/+0 dagger (1)]
  1691 | D:3      | Slain by an orc wizard

Illustrated notes

Levels and vault maps discovered:
D:1:      matt_arrival_los_fun, layout_rooms, shapermc_ecumenical_altar_pompeii
D:2:      layout_rooms, kennysheep_generic_room_5, uniq_robin
D:3:      minmay_bubble_buster, layout_rooms, nicolae_overflow_crystal_walls,
          minmay_cut_off, uniq_natasha

Skill      XL: |  1  2  3  4 |
---------------+-------------+-----
Fire Magic     | 3 |  3.3
Fighting       | 5 |  5.1
Axes           | 4 |  4.2
Dodging        | 1 |  1.1
Short Blades   | |  0.2
Spellcasting   | |  1.2

Action                   |  1- 3 |  4- 6 || total
-------------------------+-------+-------++-------
Melee: Hand axe          |    72 |    51 ||   123
       Short sword       |       |    72 ||    72
       Punch             |       |     3 ||     3
Invok: Foxfire Swarm     |     2 |       ||     2
Armor: Robe              |    22 |    71 ||    93
Dodge: Dodged            |    32 |    91 ||   123
